 Dungeon Crawl Stone Soup version 0.27-a0-1332-g84bddb5ca7 (webtiles) character file.

Game seed: 13647651018336281960

106 pmoppi the Ruffian (level 4, -3/45 HPs)
             Began as a Troll Monk on June 25, 2021.
             Slain by a gnoll (15 damage)
             ... on level 1 of the Dungeon.
             The game lasted 00:01:30 (969 turns).

pmoppi the Ruffian (Troll Monk)                      Turns: 969, Time: 00:01:31

Health: -3/45      AC:  4    Str: 19    XL:     4   Next: 55%
Magic:  3/3        EV: 10    Int:  7    God:
Gold:   45         SH:  0    Dex: 12    Spells: 3/3 levels left

rFire    . . .     SeeInvis .     - Unarmed
rCold    . . .     Faith    .   (no shield)
rNeg     . . .     Spirit   .   c - +0 robe
rPois    .         Reflect  .   (helmet restricted)
rElec    .         Harm     .   (no cloak)
rCorr    .         Rampage  .   (gloves unavailable)
Will     .....                  (boots unavailable)
Stlth    ++........             (no amulet)
HPRegen  1.15/turn              (no ring)
MPRegen  0.08/turn              (no ring)

@: no status effects
A: large, unfitting armour, claws 3, regeneration 1, shaggy fur 1, tough skin 1
a: no special abilities


You were on level 1 of the Dungeon.
You visited 1 branch of the dungeon, and saw 2 of its levels.

You collected 45 gold pieces.

Inventory:

Hand Weapons
 a - a +2 dagger of venom
Armour
 c - a +0 robe (worn)
Scrolls
 d - a scroll of teleportation {unknown}
 e - a scroll of fog {unknown}
 f - a scroll of enchant armour {unknown}
 g - a scroll of immolation {unknown}
Potions
 b - a potion of invisibility {unknown}


   Skills:
 + Level 3.0 Fighting
 + Level 3.0 Dodging
 - Level 1.0 Stealth
 * Level 4.3 Unarmed Combat


You had 3 spell levels left.
You didn't know any spells.
Your spell library was empty.

Dungeon Overview and Level Annotations

Branches:
Dungeon (2/15)

Altars:


Innate Abilities, Weirdness & Mutations

You are too large for most types of armour.
You have claws for hands.
Your natural rate of healing is unusually fast.
You are covered in fur. (AC +1)
You have tough skin. (AC +1)


Message History

The gnoll seems to speed up.
You hear a shout!
You're too confused to move!
Something hits you but does no damage.
You barely miss something. Something hits you.
You feel less confused.
You closely miss something. Something hits you but does no damage.
You miss something. You miss something. The orc closely misses you.
Something hits you but does no damage.
A gnoll comes into view. It is wielding a +0 halberd.
You claw something!
Reactivating autopickup.
You feel a bit more experienced. The orc hits you but does no damage.
Your Fighting skill increases to level 3!
Your Dodging skill increases to level 3!
The orc hits you with a +0 dagger.
A gnoll comes into view. It is wielding a +0 club.
The gnoll hits you from afar with a +0 spear.
Found a scroll labelled PIUVI WUSHUO.
The gnoll shouts!
The gnoll hits you from afar with a +0 spear.
The gnoll hits you from afar with a +0 spear.
There is a stone staircase leading up here.
The gnoll hits you but does no damage.
You scratch the orc.
The orc is severely wounded.
The gnoll barely misses you. The orc barely misses you.
A gnoll comes into view. It is wielding a +0 club.
The gnoll shouts!
The gnoll misses you. The orc hits you with a +0 dagger.
The gnoll barely misses you. The gnoll hits you with a +0 spear!
There is a stone staircase leading up, spattered with blood here.
The gnoll hits you with a +0 spear! The orc closely misses you.
The gnoll hits you with a +0 halberd!
You climb upwards.
There is a stone staircase leading down here.
The gnoll hits you from afar with a +0 spear!
* * * LOW HITPOINT WARNING * * *
The gnoll hits you from afar with a +0 halberd!
You die...

##.## #......##.# #.# #.#
#.###..##.# ##.###### #.# #.#
#..##.# #........ ##+## #.#
#..##.# #..###### ##...## #.#
#..##.# #..#### # ##.....##
#.###..##.# #.....# # #.......##
#.g.......# #.##..# #
.........####..o#.#######.#...###
..............g.@................
..........###...#.#######........
#.......#.# ##......# ####.....
##.....##.# ###.....# #..###
##...###.# #.......# #....# ##'##
#.# #.#.....# #.##.# #.# #.#
#.#.....# #.^... #.#
#.###.#.##### ####(#
####.####.......# #.#


You could see 2 gnolls and an orc.

Vanquished Creatures
  3 orc wizards (D:2)
  An orc (D:2)
  3 ball pythons (D:1)
  2 endoplasms (D:1)
  A giant cockroach (D:1)
  A goblin (D:1)
  4 hobgoblins (D:1)
  4 kobolds (D:1)
  3 quokkas (D:1)
  3 bats (D:1)
  3 rats (D:1)
28 creatures vanquished.

Notes
Turn   | Place    | Note
-------+----------+-------------------------------------------
     0 | D:1      | pmoppi the Troll Monk began the quest for the Orb.
     0 | D:1      | Reached XP level 1. HP: 22/22 MP: 0/0
   289 | D:1      | Reached XP level 2. HP: 24/29 MP: 1/1
   932 | D:2      | Reached XP level 3. HP: 28/36 MP: 2/2
   935 | D:2      | Reached skill level 4 in Unarmed Combat
   935 | D:2      | Reached XP level 4. HP: 38/44 MP: 3/3
   969 | D:1      | Slain by a gnoll

Illustrated notes

Levels and vault maps discovered:
D:1:      shiori_arrival_whats_in_store_for_you, layout_loops_corners
D:2:      minmay_diamond_boxcup, layout_loops_ring

Skill      XL: |  1  2  3  4 |
---------------+-------------+-----
Unarmed Combat | 4 |  4.3
Fighting       | 3 |  3.0
Dodging        | 3 |  3.0
Stealth        | |  1.0

Action                   |  1- 3 |  4- 6 || total
-------------------------+-------+-------++-------
Melee: Unarmed           |    62 |    10 ||    72
       Punch             |     1 |     1 ||     2
 Stab: Sleeping          |     3 |       ||     3
Armor: Robe              |    21 |     6 ||    27
Dodge: Dodged            |    25 |     7 ||    32

Table legend: (Time is in decaauts)
 A = Elapsed time spent in this place.
 B = Non-inter-level travel time spent in this place.
 C = Inter-level travel time spent in this place.
 D = Time resting spent in this place.
 E = Time spent auto-exploring this place.
 F = Levels seen in this place.
 G = Mean time per level.
                   A        B        C        D        E       F      G
               +--------+--------+--------+--------+--------+-----+--------+
         Total |    963 |    936 |     27 |      0 |    759 |   2 |  481.5 |
       Dungeon |    963 |    936 |     27 |      0 |    759 |   2 |  481.5 |
               +--------+--------+--------+--------+--------+-----+--------+

Top non-repeatable levels by time:
     D:1: 906 daAuts
     D:2: 57 daAuts
